 Dungeon Crawl Stone Soup version 0.24-a0-784-g601f8f6d22 (webtiles) character file.

Game seed: 3051914413540181255, levelgen mode: deterministic

29 Masnef the Cutter (level 3, -14/26 HPs)
             Began as an Octopode Chaos Knight on Oct 9, 2019.
             Was a Plaything of Xom.
             Demolished by a spatial vortex (27 damage)
             ... summoned by the capriciousness of Xom
             ... on level 1 of the Dungeon.
             The game lasted 00:01:44 (893 turns).

Masnef the Cutter (Octopode Chaos Knight)            Turns: 893, Time: 00:01:45

Health: -14/26     AC:  1    Str: 11    XL:     3   Next: 16%
Magic:  3/3        EV: 13    Int: 14    God:    Xom [..*...]
Gold:   41         SH:  0    Dex: 12    Spells: 2/2 levels left

rFire    . . .     SeeInvis .   a - +0 short sword (chaos)
rCold    . . .     Gourm    .   (no shield)
rNeg     . . .     Faith    .   (helmet restricted)
rPois    .         Spirit   .   i - amulet of inaccuracy (curse)
rElec    .         Reflect  .   (no ring)
rCorr    .         Harm     .   (no ring)
MR       .....                  (no ring)
Stlth    +++.......             (no ring)
HPRegen  0.08/turn              (no ring)
MPRegen  0.08/turn              (no ring)
                                (no ring)
                                (no ring)

@: no status effects
A: almost no armour, stealthy swim, amphibious, 8 rings, constrict 8, camouflage
1, gelatinous body 1
a: Renounce Religion


You were on level 1 of the Dungeon.
You worshipped Xom.
You were a toy of Xom.
You were not hungry.

You visited 1 branch of the dungeon, and saw 2 of its levels.

You collected 41 gold pieces.

Inventory:

Hand Weapons
 a - a +0 short sword of chaos (weapon)
Jewellery
 i - a cursed amulet of inaccuracy (around mantle)
Scrolls
 c - 2 scrolls of fog
 d - a scroll of fear
 h - 3 scrolls of enchant weapon
Comestibles
 b - a ration


   Skills:
 - Level 3.0 Fighting
 + Level 4.0 Short Blades
 - Level 2.3 Dodging
 + Level 1.2 Stealth


You had 2 spell levels left.
You didn't know any spells.
Your spell library was empty.

Dungeon Overview and Level Annotations

Branches:
Dungeon (2/15)

Altars:


Innate Abilities, Weirdness & Mutations

You cannot wear most types of armour.
You are very stealthy in the water. (Stealth+)
You are amphibious.
You can wear up to eight rings at the same time.
You can use your tentacles to constrict eight enemies at once.
Your skin changes colour to match your surroundings (Stealth+).
Your rubbery body absorbs attacks. (AC +1, EV +1)


Message History

Xom is amused.
Nothing appears to happen.
You squeeze something. You miss something. Something completely misses you.
You closely miss something. Something bites you.
You miss something. Something bites you!
* * * LOW HITPOINT WARNING * * *
Xom briefly touches your surroundings.
A door bursts open, and another door slams shut!
There is a stone staircase leading up here.
You see here a stone.
You climb upwards.
Reactivating autopickup.
There is a stone staircase leading down here.
You start resting.
You hear Xom's maniacal laughter. 3 spatial vortices come into view.
The spatial vortex hits you!!
Ouch! That really hurt!
You die...
Xom bursts into laughter!

#.........#.....................
#.#######.#.####.##.############
#.# #.#.......#.(.........# #.#
#.#.####..#.......)...# #.#
#.#.......#...........# #.#
#.######v##...........# #.#
#.....................#
##.##############v##..........###
#..†............@>...............
##############.....#.#........(..
#....v#.#####....###
#.....#.#####....# #
###................# #
#..................# #
#......#...........# #
#......#...........# #
#......#...........# #


You could see 3 spatial vortices.

Vanquished Creatures
  An ooze (D:1)
  A leopard gecko (D:1)
  6 goblins
  3 hobgoblins
  3 kobolds
  3 bats
  A frilled lizard (D:1)
  3 rats (D:1)
21 creatures vanquished.

Notes
Turn   | Place    | Note
-------+----------+-------------------------------------------
     0 | D:1      | Masnef the Octopode Chaos Knight began the quest for the
                  | Orb.
     0 | D:1      | Reached XP level 1. HP: 16/16 MP: 1/1
    78 | D:1      | Reached XP level 2. HP: 21/21 MP: 2/2
   150 | D:1      | XOM: harmless Chrm miscast
   249 | D:1      | XOM: divination: magic mapping
   317 | D:1      | XOM: harmless Pois miscast
   427 | D:1      | Reached skill level 1 in Stealth
   454 | D:1      | Reached skill level 4 in Short Blades
   454 | D:1      | Reached XP level 3. HP: 26/26 MP: 3/3
   609 | D:2      | XOM: scenery: 2 doors open
   688 | D:2      | XOM: scenery: 2 doors close
   750 | D:2      | HP: 1/26 [something (9)]
   762 | D:2      | XOM: scenery: 1 doors open, 1 doors close
   892 | D:1      | XOM: medium Tloc miscast
   893 | D:1      | Noticed a spatial vortex
   893 | D:1      | Noticed a spatial vortex
   893 | D:1      | Noticed a spatial vortex
   893 | D:1      | Demolished by a spatial vortex

Levels and vault maps discovered:
D:1:      eino_arrival_cavern_a, layout_basic
D:2:      layout_basic, moated_statue, minmay_misc_feat_tiny,
          corexii_item_surrounded_by_moat

Skill      XL: |  1  2 |
---------------+-------+-----
Stealth        | 1 |  1.2
Short Blades   | 4 |  4.0
Fighting       | |  3.0
Dodging        | |  2.3

Action                   || total
-------------------------++-------
Melee: Short sword       ||    50
       Constrict         ||     7
       Tentacles         ||     5
  Use: Scroll            ||     5
 Stab: Sleeping          ||     6
Armor: Skin              ||    15
Dodge: Dodged            ||    31

Table legend:
 A = Non-vault XP
 B = Vault XP
 C = Vault XP percentage of total XP
 D = Non-vault monster count
 E = Vault monster count
 F = Vault count percentage of total count
                 A         B        C        D         E       F
            +---------+---------+-------+---------+---------+-------
      Total |      42 |       0 |   0.0 |      21 |       0 |   0.0
            +---------+---------+-------+---------+---------+-------
        D:1 |      35 |       0 |   0.0 |      17 |       0 |   0.0
        D:2 |       7 |       0 |   0.0 |       4 |       0 |   0.0
            +---------+---------+-------+---------+---------+-------
